 Dungeon Crawl Stone Soup version 0.28-a0-1412-gf95308ed99 (webtiles) character file.

Game seed: 4289801898667253672

1670 enile the Skirmisher (level 8, -3/67 HPs)
             Began as a Demonspawn Cinder Acolyte on Jan 6, 2022.
             Was an Elder of Ignis.
             Slain by a troll (10 damage)
             ... on level 6 of the Dungeon.
             The game lasted 00:17:06 (8080 turns).

enile the Skirmisher (Demonspawn Cinder Acolyte)    Turns: 8080, Time: 00:17:06

Health: -3/67      AC:  5    Str: 14    XL:     8   Next: 70%
Magic:  11/11      EV: 12    Int: 24    God:    Ignis [****..]
Gold:   86         SH:  0    Dex:  9    Spells: 9/11 levels left

rFire   + . .      SeeInvis .   A - +4 hand axe (elec)
rCold   . . .      Faith    .   f - orb {mayhem}
rNeg    . . .      Spirit   .   b - +0 robe
rPois   .          Reflect  .   (no helmet)
rElec   .          Harm     .   (no cloak)
rCorr   .          Rampage  .   (no gloves)
Will    .....                   (no boots)
Stlth   ++........              h - amulet of magic regeneration
HPRegen 0.21/turn               v - +6 ring of intelligence
MPRegen 0.52/turn               p - ring of flight

@: flying
A: hooves 2, slimy green scales 2, demonic magic 1
a: Renounce Religion, Fiery Armour, Foxfire Swarm


You were on level 6 of the Dungeon.
You worshipped Ignis.
Ignis was greatly pleased with you.
You visited 1 branch of the dungeon, and saw 6 of its levels.
You also visited: Ossuary.

You collected 326 gold pieces.
You spent 240 gold pieces at shops.

Inventory:

Hand Weapons
 a - a -1 mace of flaming
 i - a +0 scythe of freezing
 q - a +2 dagger of venom
 A - a +4 hand axe of electrocution (weapon)
Missiles
 d - 10 boomerangs (quivered)
 n - a throwing net
Armour
 b - a +0 robe (worn)
 f - an orb of mayhem (worn)
Jewellery
 h - an amulet of magic regeneration (around neck)
 k - a ring of resist corrosion
 p - a ring of flight (right hand)
 u - a ring of willpower
 v - a +6 ring of intelligence (left hand)
 D - a ring of protection from cold
Wands
 l - a wand of flame (11)
 y - a wand of iceblast (6)
 G - a wand of polymorph (3)
Scrolls
 e - a scroll of blinking
 j - a scroll of noise
 o - 2 scrolls of teleportation
 r - 3 scrolls of enchant armour {unknown}
 s - 2 scrolls of fog {unknown}
 w - 3 scrolls of magic mapping {unknown}
 E - a scroll of torment {unknown}
 F - a scroll of identify
Potions
 c - 3 potions of curing {unknown}
 g - a potion of heal wounds {unknown}
 m - 4 potions of mutation {unknown}
 t - a potion of brilliance {unknown}
 z - a potion of might {unknown}
 B - a potion of haste {unknown}
 C - a potion of lignification {unknown}


   Skills:
 + Level 7.3 Fighting
 - Level 2.0 Short Blades
 - Level 0.7(2.0) Axes
 - Level 2.8(2.9) Maces & Flails
 - Level 1.0 Throwing
 - Level 3.0 Dodging
 - Level 3.0 Stealth
 - Level 2.0 Spellcasting
 - Level 6.0 Fire Magic
 - Level 2.0 Evocations


You had 9 spell levels left.
You knew the following spells:

 Your Spells              Type           Power      Damage    Failure   Level
a - Scorch                Fire           62%        2d8       1%          2

Your spell library contained the following spells:

 Spells                   Type           Power      Damage    Failure   Level
 Shock                    Conj/Air       8%         1d3       12%         1
 Swiftness                Air            2%         N/A       34%         3
 Airstrike                Air            1%         N/A       75%         4


Dungeon Overview and Level Annotations

Branches:
Dungeon (6/15)             Temple (0/1) D:5         Ossuary (visited)

Altars:
Trog

Shops:
D:2 (   D:5 ?


Innate Abilities, Weirdness & Mutations

You have hoof-like feet.
You are mostly covered in slimy green scales. (AC +3)
Spells you cast may paralyse adjacent enemies.


Message History

The bullfrog hits you but does no damage.
The bullfrog is burned by your cloak of flames.
You kill the bullfrog!
Unknown command.
You start resting.
Your fiery armour burns out.
You start resting.
You start resting.
HP restored.
You start waiting.
Done waiting.
You start waiting.
Done waiting.
You now have 72 gold pieces (gained 13).
You now have 86 gold pieces (gained 14).
Done exploring.
Done exploring.
Done exploring.
Done exploring.
Done exploring.
(D) Dungeon (T) Temple
Where to? (Enter - D:6, ? - help)
There is a stone staircase leading down here.
You fly downwards.
The bullfrog skeleton barely misses you.
The troll bites you! The troll claws you. The troll claws you!
The bullfrog skeleton hits you but does no damage.
There is a stone staircase leading up, spattered with blood here.
Unknown command.
You hit the bullfrog skeleton. You kick the bullfrog skeleton.
You destroy the bullfrog skeleton!
You barely miss the troll. The troll bites you! The troll barely misses you.
The troll claws you.
* * * LOW HITPOINT WARNING * * *
The troll bites you!
* * * LOW HITPOINT WARNING * * *
The troll claws you.
* * * LOW HITPOINT WARNING * * *
The troll claws you!
You die...

########
#((....#
#......##
....#
#..........
....#
####.(#####
....# ##(###
....#
##....###
.>..#
#<....)T###
....#
##.##..@...#
....## #...
#####.....#
...TY# ..#
....#
..##.###.# ##
.... ..
#.##..##...
.##
...#........#
..
.........####
#
.####.#..#####
#..<.....#


You could see a troll.

Vanquished Creatures
  Sigmund (D:2)
  A steam dragon (D:5)
  A sky beast (D:5)
  An ice beast (D:5)
  A black bear (D:5)
  An ogre (D:5)
  A bullfrog (D:5)
  3 scorpions
  A vampire bat (D:3)
  3 centaur zombies (Ossuary)
  A hound (D:5)
  A jelly (D:5)
  An orc priest (D:4)
  A bullfrog skeleton (D:6)
  Jessica (D:2)
  An iguana (D:5)
  Terence (D:2)
  2 orc wizards (D:4)
  A hound zombie (D:5)
  5 hound skeletons
  6 mummies (Ossuary)
  9 adders
  A worm zombie (D:4)
  3 worms
  2 dart slugs
  3 fire bats (D:3)
  12 orcs
  2 spectral bats (D:3)
  6 ball pythons
  3 bat skeletons (D:3)
  A bat zombie (D:3)
  5 endoplasms
  A giant cockroach (D:3)
  5 goblins
  3 hobgoblins
  4 jackals
  4 quokkas
  12 bats
  A bat simulacrum (D:3)
  3 frilled lizards
  5 hobgoblin zombies (Ossuary)
  A jackal zombie (D:4)
  4 kobolds
  2 rats
127 creatures vanquished.

Vanquished Creatures (collateral kills)
  2 orcs (D:4)
2 creatures vanquished.

Vanquished Creatures (others)
  5 foxfires (D:6)
5 creatures vanquished.

Grand Total: 134 creatures vanquished

Notes
Turn   | Place    | Note
-------+----------+-------------------------------------------
     0 | D:1      | enile the Demonspawn Cinder Acolyte began the quest for the
                  | Orb.
     0 | D:1      | Reached XP level 1. HP: 18/18 MP: 2/2
   416 | D:1      | Gained mutation: Spells you cast may paralyse adjacent
                  | enemies. [demonic ancestry]
   416 | D:1      | Reached XP level 2. HP: 22/24 MP: 3/3
   419 | D:1      | Learned a level 2 spell: Scorch
   632 | D:1      | Found a faded altar of an unknown god.
  1024 | D:2      | Reached XP level 3. HP: 27/29 MP: 0/6
  1168 | D:2      | Found Disih's Weapon Emporium.
  1291 | D:2      | Noticed Jessica
  1296 | D:2      | Killed Jessica
  1297 | D:2      | Reached skill level 4 in Fighting
  1521 | D:2      | Noticed Sigmund
  1869 | D:2      | Killed Sigmund
  1870 | D:2      | Reached skill level 5 in Fighting
  1870 | D:2      | Gained mutation: You are partially covered in slimy green
                  | scales. (AC +2) [demonic ancestry]
  1870 | D:2      | Reached XP level 4. HP: 25/39 MP: 0/7
  1870 | D:2      | Gained mutation: You have large cloven feet. [demonic
                  | ancestry]
  1870 | D:2      | Reached XP level 5. HP: 28/44 MP: 0/8
  1872 | D:2      | Reached skill level 1 in Dodging
  2241 | D:2      | Noticed Terence
  2287 | D:2      | Killed Terence
  2288 | D:2      | Reached skill level 1 in Stealth
  2288 | D:2      | Reached XP level 6. HP: 39/51 MP: 1/9
  3424 | D:3      | Found a bloodstained altar of Trog.
  4554 | D:4      | Reached skill level 1 in Short Blades
  4593 | D:4      | Gained mutation: You have hoof-like feet. [demonic
                  | ancestry]
  4593 | D:4      | Reached XP level 7. HP: 47/56 MP: 7/10
  4740 | D:4      | Found a sand-covered staircase.
  4768 | Ossuary  | Entered an ossuary
  4784 | Ossuary  | Reached skill level 5 in Fire Magic
  6008 | D:5      | Entered Level 5 of the Dungeon
  6068 | D:5      | Reached skill level 6 in Fighting
  6166 | D:5      | Gained mutation: You are mostly covered in slimy green
                  | scales. (AC +3) [demonic ancestry]
  6166 | D:5      | Reached XP level 8. HP: 65/65 MP: 6/11
  6235 | D:5      | Found Qiseiwn's Magic Scroll Shop.
  6243 | D:5      | Reached skill level 7 in Fighting
  6303 | D:5      | Bought a scroll of teleportation for 36 gold pieces
  6303 | D:5      | Bought a scroll of identify for 24 gold pieces
  6303 | D:5      | Bought a scroll of blinking for 90 gold pieces
  6303 | D:5      | Bought a scroll of enchant weapon for 90 gold pieces
  6349 | D:5      | Reached skill level 1 in Throwing
  6685 | D:5      | Found a staircase to the Ecumenical Temple.
  7041 | D:6      | Noticed a troll
  8080 | D:6      | Slain by a troll

Illustrated notes

Levels and vault maps discovered:
D:1:      sevenhm_arrival_forest_fort_large_4, layout_basic,
          shapermc_ecumenical_altar_mp_ritualfount
D:2:      layout_basic, serial_shops, shop, uniq_sigmund, uniq_jessica,
          uniq_terence
D:3:      layout_loops_corners, mainiacjoe_overflow_brackets, serial_rivers,
          chequers_serial_rivers_room_b, chequers_serial_rivers_micro_b,
          chequers_serial_rivers_large_a, chequers_serial_rivers_micro_a,
          chequers_serial_rivers_small_b, chequers_serial_rivers_micro_e,
          goddamned_bats
D:4:      layout_rooms, enter_ossuary_3
D:5:      minmay_inner_zag, layout_basic, minmay_temple_entry_from_below_b,
          serial_shops, nicolae_shop_waterfront, kennysheep_generic_room_16
D:6:      layout_rooms, minmay_hedge_maze

Skill      XL: |  1  2  3  4  5  6  7  8 |
---------------+-------------------------+-----
Fire Magic     | 3 4 5 6 |  6.0
Spellcasting   | 2 |  2.0
Fighting       | 5 6 7 |  7.3
Dodging        | 1 3 |  3.0
Stealth        | 1 2 3 |  3.0
Short Blades   | 1 2 |  2.0
Evocations     | 2 |  2.0
Throwing       | 1 |  1.0
Axes           | |  0.7
Maces & Flails | |  2.8

Action                   |  1- 3 |  4- 6 |  7- 9 || total
-------------------------+-------+-------+-------++-------
Melee: Mace              |    22 |    19 |       ||    41
       Kick              |       |    26 |    20 ||    46
       Dagger            |       |    80 |    55 ||   135
       Hand axe          |       |       |    19 ||    19
Throw: Boomerang         |     1 |     2 |     4 ||     7
       Javelin           |       |       |     5 ||     5
 Cast: Scorch            |    15 |    42 |    72 ||   129
Invok: Fiery Armour      |     1 |       |     2 ||     3
       Foxfire Swarm     |       |       |     1 ||     1
       Rising Flame      |       |       |     1 ||     1
  Use: Scroll            |       |     1 |     9 ||    10
 Stab: Paralysed         |       |     6 |    17 ||    23
Armor: Robe              |     6 |    80 |    39 ||   125
Dodge: Dodged            |    20 |   115 |   114 ||   249

Table legend: (Time is in decaauts)
 A = Elapsed time spent in this place.
 B = Non-inter-level travel time spent in this place.
 C = Inter-level travel time spent in this place.
 D = Time resting spent in this place.
 E = Time spent auto-exploring this place.
 F = Levels seen in this place.
 G = Mean time per level.
                   A        B        C        D        E       F      G
               +--------+--------+--------+--------+--------+-----+--------+
         Total |   8114 |   7905 |    209 |   1951 |   4825 |   7 | 1159.1 |
       Dungeon |   7381 |   7172 |    209 |   1472 |   4643 |   6 | 1230.2 |
       Ossuary |    733 |    733 |      0 |    479 |    182 |   1 |  733.0 |
               +--------+--------+--------+--------+--------+-----+--------+

Top non-repeatable levels by time:
     D:5: 1817 daAuts
     D:3: 1684 daAuts
     D:2: 1543 daAuts
     D:1: 1281 daAuts
     D:4: 793 daAuts
 Ossuary: 733 daAuts
     D:6: 260 daAuts
